 Dungeon Crawl Stone Soup version 0.22.1-2-g9c5b331 (webtiles) character file.

79 delarado the Firebug (level 4, -4/24 HPs)
             Began as a Deep Elf Fire Elementalist on Dec 10, 2018.
             Slain by an iguana (12 damage)
             ... on level 4 of the Dungeon.
             The game lasted 00:04:46 (1343 turns).

delarado the Firebug (Deep Elf Fire Elementalist)   Turns: 1343, Time: 00:04:47

Health: -4/24      AC:  4    Str:  5    XL:     4   Next: 17%
Magic:  4/11       EV: 13    Int: 21    God:
Gold:   48         SH:  0    Dex: 15    Spells: 6/10 levels left

rFire    . . .     SeeInvis .   b - +0 dagger
rCold    . . .     Gourm    .   (no shield)
rNeg     . . .     Faith    .   a - +1 robe
rPois    .         Spirit   .   (no helmet)
rElec    .         Reflect  .   (no cloak)
rCorr    .         Harm     .   g - +0 pair of gloves
MR       .....                  (no boots)
Stlth    ++........             f - amulet of magic regeneration (curse)
HPRegen  0.08/turn              (no ring)
MPRegen  0.37/turn              (no ring)

@: very slightly contaminated
A: no striking features
a: no special abilities


You were on level 4 of the Dungeon.
You were not hungry.

You visited 1 branch of the dungeon, and saw 3 of its levels.

You collected 48 gold pieces.

Inventory:

Hand Weapons
 b - a +0 dagger (weapon)
Missiles
 e - 37 stones (quivered)
 k - 12 poisoned needles
Armour
 a - a +1 robe (worn)
 g - a +0 pair of gloves (worn)
 m - a cursed +0 robe
 o - a +0 buckler
Jewellery
 f - a cursed amulet of magic regeneration (around neck)
Scrolls
 i - a scroll of identify
Potions
 d - a potion of heal wounds
 l - a potion of cancellation
Comestibles
 c - a ration


   Skills:
 - Level 2.4 Dodging
 - Level 2.4 Stealth
 + Level 3.8 Spellcasting
 * Level 2.9 Conjurations
 * Level 4.3 Fire Magic


You had 6 spell levels left.
You knew the following spells:

 Your Spells              Type           Power        Failure   Level  Hunger
a - Flame Tongue          Conj/Fire      ###..        2%          1    None
b - Conjure Flame         Conj/Fire      ###.....     9%          3    ###....

Your spell library contained the following spells:

 Spells                   Type           Power        Failure   Level  Hunger
 Throw Flame              Conj/Fire      ###...       4%          2    ##.....
 Inner Flame              Hex/Fire       ##......     16%         3    ###....
 Sticky Flame             Conj/Fire      ###.....     26%         4    ####...
 Fireball                 Conj/Fire      ###.......   58%         5    ######.


Dungeon Overview and Level Annotations

Branches:
Dungeon (2/15)

Altars:

Annotations:
D:4 Natasha


Message History

You feel clever.
The bullfrog gives a loud, deep croak!
The bullfrog hits you. The bullfrog hits you!
As you read the scroll labeled TUXTOERHUE, it crumbles to dust.
It is a scroll of enchant armour.
Your +0 robe glows green for a moment.
The bullfrog barely misses you.
The orc wizard casts a cantrip, but nothing happens.
The iguana barely misses you.
There are monsters nearby!
Casting: Flame Tongue (safe; 2% risk of failure)
Confirm with . or Enter, or press ? or * to list all spells.
Aiming: Flame Tongue (safe; 2% risk of failure)
Press: ? - help, Shift-Dir - straight line, f - bullfrog
Aim: a bullfrog The flame tongue hits the bullfrog.
The bullfrog is moderately wounded.
The bullfrog hits you but does no damage.
The bullfrog barely misses you. The iguana bites you!
Ouch! That really hurt!
You die...

#).......########
#................
#......(....#
#....>......o
#...........### ..
#####.........##o..
##########.#.###.#..o.oo
......F.##..........#...
#@##o#.###.#.## ##
#l##o#.#[#.#.#
#h##§#.###.#.#
#o##.5.......#
#.##.#h###.#.#
#o##lo..[....#
#.##.###.#####
#.##.....# #..§5#####


You could see a bullfrog, an iguana, 2 orc wizards and Natasha.

Vanquished Creatures
  A bullfrog skeleton (D:4)
  2 adders
  An ooze (D:2)
  3 dart slugs (D:1)
  2 ball pythons
  2 goblins
  3 hobgoblins (D:1)
  3 kobolds (D:1)
  4 bats (D:1)
  2 frilled lizards
  A rat (D:2)
24 creatures vanquished.

Notes
Turn   | Place    | Note
-------+----------+-------------------------------------------
     0 | D:1      | delarado the Deep Elf Fire Elementalist began the quest for
                  | the Orb.
     0 | D:1      | Reached XP level 1. HP: 10/10 MP: 6/6
   202 | D:1      | Reached XP level 2. HP: 15/15 MP: 5/8
  1093 | D:2      | Reached XP level 3. HP: 19/19 MP: 6/9
  1183 | D:2      | Reached skill level 4 in Fire Magic
  1196 | D:2      | Learned a level 3 spell: Conjure Flame
  1300 | D:2      | You fall through a shaft for 2 floors!
  1301 | D:4      | Noticed Natasha
  1327 | D:4      | Noticed a bullfrog
  1339 | D:4      | Reached XP level 4. HP: 17/24 MP: 3/11
  1343 | D:4      | Slain by an iguana

Skill      XL: |  1  2  3 |
---------------+----------+-----
Conjurations   | 2 |  2.9
Fire Magic     | 4 |  4.3
Dodging        | |  2.4
Stealth        | |  2.4
Spellcasting   | |  3.8

Action                   |  1- 3 |  4- 6 || total
-------------------------+-------+-------++-------
Throw: Stone             |    29 |       ||    29
 Cast: Flame Tongue      |    41 |     2 ||    43
  Use: Scroll            |     7 |     1 ||     8
       Potion            |     2 |       ||     2
  Eat: Chunk             |     1 |       ||     1
Armor: Robe              |     5 |     1 ||     6
Dodge: Dodged            |    18 |     3 ||    21
